 Dungeon Crawl Stone Soup version 0.25-a0-316-gd28d56f9c5 (webtiles) character file.

Game seed: 6722378313332732749, levelgen mode: deterministic

118752 inmateoo the Unseen (level 16, -5/86 HPs)
             Began as a Vine Stalker Assassin on Dec 24, 2019.
             Was the Champion of Dithmenos.
             Slain by an iron troll simulacrum (8 damage)
             ... in an ice cave.
             The game lasted 01:02:19 (28392 turns).

inmateoo the Unseen (Vine Stalker Assassin)        Turns: 28392, Time: 01:02:20

Health: -5/86      AC: 13    Str: 18    XL:     16   Next: 77%
Magic:  0/28       EV: 21    Int: 15    God:    Dithmenos [******]
Gold:   1169       SH:  9    Dex: 31    Spells: 8/30 levels left

rFire    + + .     SeeInvis .   y - +12 long sword "Bienn" {speed, rElec rC+ rN+ Str-2}
rCold    + + .     Gourm    .   K - +0 shield {rC+}
rNeg     + . .     Faith    .   P - +4 robe of Augmentation {Str+4 Int+4 Dex+4}
rPois    .         Spirit   +   S - +3 hat of Going Fast {+Fly Dex+3}
rElec    +         Reflect  .   Z - +1 cloak {rF+}
rCorr    .         Harm     .   t - +0 pair of gloves
MR       +++..                  x - +0 pair of boots (curse)
Stlth    ++++++++++             n - amulet of rage
HPRegen  1.04/turn              a - ring of protection from magic
MPRegen  0.21/turn              F - ring of the Gloaming {+Blink +Fly rElec rF+ Dex+3}

@: wreathed by umbra
A: fangs 3, regeneration 2, magic shield, antimagic bite, no potion heal 3, rot
immunity
a: Shadow Step, Shadow Form, Renounce Religion, Evoke Blink, Evoke Berserk Rage,
Evoke Flight


You were in an ice cave.
You worshipped Dithmenos.
Dithmenos was exalted by your worship.
You were not hungry.

You visited 4 branches of the dungeon, and saw 26 of its levels.
You also visited: Trove, Ossuary, Bailey, Ice Cave and Volcano.

You collected 5429 gold pieces.
You spent 4260 gold pieces at shops.

Inventory:

Hand Weapons
 d - a +4 scimitar of flaming
 l - the +7 quick blade of Dullness {vamp, *Slow rPois Dex+9}
   (You found it in a treasure trove)

   It inflicts no extra harm, but heals its wielder when it wounds a living foe.
   It affects your dexterity (+9).
   It protects you from poison.
   It may slow you when you take damage.
 y - the +12 long sword "Bienn" (weapon) {speed, rElec rC+ rN+ Str-2}
   (You bought it in a shop on level 14 of the Dungeon)

   Attacks with this weapon are significantly faster.
   It affects your strength (-2).
   It protects you from cold.
   It insulates you from electricity.
   It protects you from negative energy.
Missiles
 e - 3 atropa-tipped darts
 g - 911 stones
 h - 37 boomerangs (quivered)
 R - 3 silver javelins
Armour
 b - a +0 shield of fire resistance
 t - a +0 pair of gloves (worn)
 x - a cursed +0 pair of boots (worn)
 K - a +0 shield of cold resistance (worn)
 P - the +4 robe of Augmentation (worn) {Str+4 Int+4 Dex+4}
   (You found it on level 4 of the Lair of Beasts)

   It affects your strength (+4).
   It affects your intelligence (+4).
   It affects your dexterity (+4).
 S - the +3 hat of Going Fast (worn) {+Fly Dex+3}
   (You found it on level 11 of the Dungeon)

   It affects your dexterity (+3).
   It lets you fly.
 Z - a +1 cloak of fire resistance (worn)
Jewellery
 a - a ring of protection from magic (left hand)
 j - an uncursed ring of magical power
 n - an amulet of rage (around neck)
 E - an uncursed ring of wizardry
 F - the ring of the Gloaming (right hand) {+Blink +Fly rElec rF+ Dex+3}
   (You found it on level 2 of the Lair of Beasts)

   [ring of protection from fire]

   It affects your dexterity (+3).
   It protects you from fire.
   It insulates you from electricity.
   It lets you fly.
   It lets you blink.
Wands
 c - a wand of scattershot (6)
 p - a wand of digging (13)
 s - a wand of iceblast (23)
 Q - a wand of acid (15)
 V - a wand of paralysis (3)
 W - a wand of clouds (6)
 X - a wand of enslavement (7)
Scrolls
 o - 6 scrolls of teleportation
 q - a scroll of magic mapping
 u - 3 scrolls of amnesia
 z - 5 scrolls of fear
 B - 11 scrolls of remove curse
 H - 3 scrolls of fog
 I - 4 scrolls of blinking
 L - 6 scrolls of identify
 T - 4 scrolls of enchant weapon
Potions
 i - 13 potions of curing
 k - 9 potions of brilliance
 r - 3 potions of flight
 v - 7 potions of haste
 w - 2 potions of mutation
 A - 3 potions of ambrosia
 C - 5 potions of might
 D - 2 potions of cancellation
 J - 6 potions of agility
 M - 4 potions of magic
 N - a potion of experience
 O - 2 potions of invisibility
Miscellaneous
 m - a lamp of fire
 G - a phial of floods (inert)
Comestibles
 f - 18 rations


   Skills:
 + Level 10.4 Fighting
 + Level 12.3 Short Blades
 - Level 7.0 Throwing
 - Level 4.0 Armour
 + Level 9.9 Dodging
 - Level 15.0 Stealth
 + Level 7.6 Spellcasting
 * Level 8.1 Hexes
 + Level 3.1 Charms
 - Level 4.0 Invocations
 - Level 10.0 Evocations


You had 8 spell levels left.
You knew the following spells:

 Your Spells              Type           Power        Failure   Level  Hunger
a - Apportation           Tloc           #.....       65%         1    None
b - Confuse               Hex            ####....     10%         3    ##.....
c - Spectral Weapon       Hex/Chrm       ###.....     26%         3    ##.....
d - Passwall              Tmut/Erth      #.......     80%         2    None
e - Song of Slaying       Chrm           ###.....     34%         2    None
f - Regeneration          Chrm/Necr      ##........   80%         3    ##.....
g - Swiftness             Chrm/Air       ##......     56%         2    None
h - Shroud of Golubria    Chrm/Tloc      ##....       56%         2    None
i - Passage of Golubria   Tloc           N/A          100%        4    ####...

Your spell library contained the following spells:

 Spells                   Type           Power        Failure   Level  Hunger
 Confusing Touch          Hex            ####..       3%          1    None
 Corona                   Hex            ####...      3%          1    None
 Slow                     Hex            ####....     4%          2    None
 Infusion                 Chrm           ###.         24%         1    None
 Cause Fear               Hex            ####......   30%         4    ####...
 Dazzling Flash           Conj/Hex       ###...       45%         3    ##.....
 Inner Flame              Hex/Fire       ###.....     45%         3    ##.....
 Portal Projectile        Hex/Tloc       ###...       45%         3    ##.....
 Animate Skeleton         Necr           N/A          65%         1    None
 Foxfire                  Conj/Fire      #...         65%         1    None
 Magic Dart               Conj           #...         65%         1    None
 Sting                    Tmut/Pois      #...         65%         1    None
 Summon Small Mammal      Summ           #...         65%         1    None
 Poisonous Vapours        Pois/Air       #.....       80%         2    None
 Searing Ray              Conj           #.....       80%         2    None
 Fulminant Prism          Conj/Hex       ###.......   86%         4    ####...
 Leda's Liquefaction      Hex/Erth       ###.......   86%         4    ####...
 Gell's Gravitas          Tloc           #.........   95%         3    ##.....
 Ignite Poison            Fire/Tmut/Pois #.......     95%         3    ##.....
 Mephitic Cloud           Conj/Pois/Air  #.......     95%         3    ##.....
 Metabolic Englaciation   Hex/Ice        ###.......   99%         5    #####..
 Yara's Violent Unravell  Hex/Tmut       ###.......   99%         5    #####..
 Darkness                 Hex            ####......   99%         6    #######
 Invisibility             Hex            ####....     99%         6    #######
 Iskenderun's Mystic Bla  Conj/Tloc      #.......     100%        4    ####...
 Olgreb's Toxic Radiance  Pois           #.......     100%        4    ####...
 Petrify                  Tmut/Erth      #.......     100%        4    ####...
 Alistair's Intoxication  Tmut/Pois      #.......     100%        5    #####..
 Lee's Rapid Deconstruct  Erth           #.........   100%        5    #####..
 Ignition                 Fire           #.........   100%        8    #######


Dungeon Overview and Level Annotations

Branches:
Dungeon (15/15)            Temple (0/1) D:5            Lair (6/6) D:8
 Shoals (0/4) Lair:4        Snake (3/4) Lair:2        Slime (0/5) Lair:6
    Orc (2/2) D:10            Elf (0/3) Orc:2        Vaults (0/5) D:14
 Depths (0/5) D:15        Ossuary (visited)          Bailey (visited)
  IceCv (1/1)             Volcano (visited)

Altars:
Cheibriados
Dithmenos
Elyvilon
Fedhas
Gozag
Okawaru
Ru
Vehumet
Xom
The Shining One

Shops:
D:8 !   D:9 =   D:10 [   D:12 [   D:14 (   Orc:1 [   Orc:2 !%:%   Snake:2 }

Annotations:
D:13 exclusion: 2 oklob plants
Snake:3 Vashnia


Innate Abilities, Weirdness & Mutations

You have razor-sharp teeth.
You heal very quickly.
When hurt, damage is shared between your health and your magic reserves.
Your bite disrupts and absorbs the magic of your enemies.
Potions cannot restore your health.
You are immune to rotting.


Message History

The iron troll simulacrum claws you but does no damage.
You block the iron troll simulacrum's attack.
You hit the iron troll simulacrum.
You bite the iron troll simulacrum, but do no damage.
The iron troll simulacrum is severely damaged.
You hit the iron troll simulacrum.
You bite the iron troll simulacrum, but do no damage.
The iron troll simulacrum is almost destroyed.
Your shadow hits the iron troll simulacrum but does no damage.
The iron troll simulacrum bites you! The iron troll simulacrum freezes you!
You resist.
* * * LOW HITPOINT WARNING * * *
The iron troll simulacrum claws you!
* * * LOW HITPOINT WARNING * * *
The iron troll simulacrum freezes you. You resist.
* * * LOW HITPOINT WARNING * * *
The iron troll simulacrum claws you.
* * * LOW HITPOINT WARNING * * *
The iron troll simulacrum freezes you! You resist.
You die...

#..# ##.#
...# ##..#
##.# #...
#..## #.##
... #.##
#.## #Z.#
#..# #..#
#.ZZ###..#
##.#
#5.4###§#
##.#
#5.###§#
###.##
#..5#@##
#.#.#
##..#Z#
##...#
##Z§§#
#.#.##
##.##
##.##.#
###
#.##.##
#..#.##
##.##.##
#..#..#
##.##.#


You could see an iron troll simulacrum.

Vanquished Creatures
  Gastronok (Lair:2)
  Agnes (Snake:1)
  A fire giant (D:15)
  An orc warlord (Bailey)
  Louise (Snake:3)
  Aizul (Snake:2)
  The ghost of Borgoz the Protected, a journeyman GrBe of Trog (Orc:2)
  Snorg (D:12)
  Erolcha (D:9)
  Fannar (Lair:1)
  3 naga warriors
  A catoblepas (Lair:4)
  A vault guard (D:14)
  4 hydras
  3 centaur warriors
  4 anacondas
  Erica (D:9)
  4 two-headed ogres
  A death knight (D:15)
  A hell hog (Volcano)
  6 naga sharpshooters
  2 orc high priests
  A shock serpent (Snake:2)
  2 fire crabs
  2 unseen horrors (D:11)
  A naga ritualist (Snake:1)
  2 wizards (D:14)
  A deep elf archer (D:14)
  A necromancer (D:14)
  A phantasmal warrior (D:15)
  A deep elf mage (D:12)
  5 oklob plants
  7 orc knights
  6 mana vipers
  3 cyclopes
  2 manticores
  5 orc sorcerers (Orc:2)
  A merfolk siren (Lair:4)
  7 ugly things
  A salamander (Snake:1)
  An ice statue (IceCv)
  2 guardian serpents
  5 torpor snails
  5 naga magi
  2 gargoyles (D:12)
  10 black mambas
  19 spiny frogs
  4 komodo dragons
  6 freezing wraiths
  3 rime drakes
  4 ice devils (IceCv)
  7 anaconda simulacra (IceCv)
  An efreet (D:14)
  A golden dragon simulacrum (IceCv)
  A tengu conjurer (D:14)
  3 merfolk (Lair:4)
  6 slime creatures
  4 trolls
  8 hippogriffs
  4 tyrant leeches (Lair:6)
  2 hornets
  A polar bear (Lair:3)
  9 dream sheep
  23 blink frogs
  4 ynoxinuls (Trove)
  2 shadows
  2 wyverns
  53 yaks
  7 fire bats
  4 basilisks
  A dire elephant simulacrum (IceCv)
  20 humans (D:14)
  3 wraiths
  3 steam dragons
  15 vampire mosquitoes
  2 fire elementals (Lair:5)
  3 hungry ghosts
  16 nagas
  2 harpy simulacra (IceCv)
  2 wargs
  9 water moccasins
  4 hell hounds
  38 orc warriors
  7 porcupines
  A hydra simulacrum (IceCv)
  7 ice beasts
  An eye of draining (D:14)
  A phantom (D:4)
  3 sky beasts
  2 alligator simulacra (IceCv)
  15 wolves
  11 ogres
  8 centaurs
  10 crocodiles
  4 big kobolds
  25 bullfrogs
  A gnoll sergeant (D:10)
  A wyvern skeleton (D:10)
  3 scorpions
  9 killer bees
  10 wights (D:15)
  An electric eel (Lair:6)
  A howler monkey (D:4)
  5 centaur zombies
  6 crimson imps
  8 jellies
  A quasit (D:10)
  4 bullfrog zombies
  3 draconian simulacra (IceCv)
  A wyvern simulacrum (D:14)
  8 hounds
  2 bullfrog skeletons
  6 centaur skeletons
  23 orc priests
  30 orc wizards
  3 iguanas
  8 worker ants
  2 spriggan simulacra (IceCv)
  2 troll simulacra (IceCv)
  A killer bee zombie (Ossuary)
  A centaur simulacrum (IceCv)
  A hound zombie (D:11)
  13 mummies (Ossuary)
  A howler monkey zombie (Ossuary)
  6 worker ant zombies
  17 gnolls
  A naga simulacrum (IceCv)
  2 ogre simulacra (IceCv)
  17 adders
  4 shadow imps
  10 white imps (IceCv)
  5 ufetubi (IceCv)
  4 adder zombies
  4 worms
  A dart slug (D:2)
  3 leopard geckos
  82 orcs
  4 ball pythons
  11 bats
  10 giant cockroaches
  26 hobgoblins
  3 jackals (D:6)
  27 kobolds
  6 quokkas
  6 frilled lizards
  A giant cockroach zombie (D:5)
  27 goblins
  A jackal skeleton (D:6)
  5 quokka zombies
  12 rats
  A fungus (Lair:5)
957 creatures vanquished.

Vanquished Creatures (others)
  An orc priest (Orc:2)
  A bush (Lair:4)
  11 fungi
  30 plants
  A withered plant (Ossuary)
44 creatures vanquished.

Grand Total: 1001 creatures vanquished

Notes
Turn   | Place    | Note
-------+----------+-------------------------------------------
     0 | D:1      | inmateoo the Vine Stalker Assassin began the quest for the
                  | Orb.
     0 | D:1      | Reached XP level 1. HP: 11/11 MP: 2/2
   248 | D:1      | Reached XP level 2. HP: 15/16 MP: 3/3
   563 | D:1      | Reached XP level 3. HP: 19/20 MP: 4/4
  1242 | D:2      | Gained mutation: Your natural rate of healing is unusually
                  | fast. [Vine Stalker growth]
  1242 | D:2      | Reached XP level 4. HP: 4/25 MP: 2/5
  1391 | D:2      | Found a white marble altar of Elyvilon.
  1875 | D:3      | Reached XP level 5. HP: 24/29 MP: 6/6
  1906 | D:3      | Found a shadowy altar of Dithmenos.
  1941 | D:3      | Became a worshipper of Dithmenos the Shadowed
  2024 | D:3      | Found a radiant altar of Vehumet.
  2793 | D:4      | Reached XP level 6. HP: 33/33 MP: 7/7
  2847 | D:4      | Reached * piety under Dithmenos
  2847 | D:4      | Reached skill level 5 in Stealth
  2925 | D:4      | Found an iron altar of Okawaru.
  3238 | D:4      | Noticed a phantom
  3384 | D:4      | Reached skill level 6 in Stealth
  3748 | D:5      | Entered Level 5 of the Dungeon
  3748 | D:5      | Found a sacrificial altar of Ru.
  3798 | D:5      | Noticed an ice beast
  3963 | D:5      | Killed an ice beast
  3963 | D:5      | Reached skill level 7 in Stealth
  3963 | D:5      | Reached XP level 7. HP: 23/37 MP: 8/8
  3991 | D:5      | Found a shimmering altar of Xom.
  4076 | D:5      | Reached skill level 8 in Stealth
  4236 | D:5      | Found an opulent altar of Gozag.
  4251 | D:5      | Noticed a hippogriff
  4282 | D:5      | Killed a hippogriff
  4282 | D:5      | Reached skill level 9 in Stealth
  4282 | D:5      | Gained mutation: You have razor-sharp teeth. [Vine Stalker
                  | growth]
  4282 | D:5      | Reached XP level 8. HP: 28/42 MP: 9/9
  4341 | D:5      | Reached skill level 1 in Dodging
  4391 | D:5      | Reached skill level 1 in Spellcasting
  4398 | D:5      | Found a staircase to the Ecumenical Temple.
  4537 | D:5      | Reached skill level 10 in Stealth
  4859 | D:5      | Reached ** piety under Dithmenos
  5117 | D:6      | Reached skill level 1 in Evocations
  5371 | D:6      | Reached XP level 9. HP: 46/46 MP: 11/13
  5670 | D:6      | Reached skill level 5 in Short Blades
  6173 | D:7      | Found a sand-covered staircase.
  6192 | Ossuary  | Entered an ossuary
  6282 | Ossuary  | Reached skill level 5 in Fighting
  6349 | Ossuary  | Reached *** piety under Dithmenos
  7052 | D:6      | Reached skill level 11 in Stealth
  7052 | D:6      | Reached XP level 10. HP: 47/51 MP: 16/16
  7298 | D:7      | Reached **** piety under Dithmenos
  7576 | D:8      | Noticed a two-headed ogre
  7820 | D:8      | Killed a two-headed ogre
  7874 | D:8      | Found Boiguppa's Distillery.
  7881 | D:8      | Bought 2 potions of agility for 128 gold pieces
  7881 | D:8      | Bought a potion of resistance for 160 gold pieces
  7917 | D:8      | Found a staircase to the Lair.
  8143 | D:8      | Found a glowing golden altar of the Shining One.
  8276 | D:8      | Identified a scroll of acquirement
  8900 | D:9      | Noticed Erica
  8912 | D:9      | Killed Erica
  8912 | D:9      | Reached skill level 5 in Throwing
  9043 | D:9      | Reached XP level 11. HP: 55/58 MP: 18/18
  9431 | D:9      | Found Todolil's Jewellery Shoppe.
  9606 | D:9      | Noticed Erolcha
  9613 | D:9      | Killed Erolcha
  9613 | D:9      | Reached skill level 12 in Stealth
  9694 | D:10     | Entered Level 10 of the Dungeon
  9762 | D:10     | Found a portal to a secret trove of treasure.
  9896 | D:10     | Found Onashreco's Armour Shoppe.
  9901 | D:10     | Noticed an orc knight
  9906 | D:10     | Found a staircase to the Orcish Mines.
  9909 | D:10     | Noticed an orc knight
  9912 | D:10     | Killed an orc knight
  9917 | D:10     | Killed an orc knight
  9917 | D:10     | Reached skill level 5 in Dodging
  9917 | D:10     | Reached skill level 5 in Evocations
  9968 | D:10     | Bought a +2 cloak for 280 gold pieces
 10376 | D:10     | Noticed a two-headed ogre
 10394 | D:10     | Killed a two-headed ogre
 10708 | D:11     | Killed an unseen horror
 10755 | D:11     | Killed an unseen horror
 10822 | D:11     | Learned a level 1 spell: Apportation
 10867 | D:11     | Reached ***** piety under Dithmenos
 11124 | D:11     | Got a twisted hat
 11133 | D:11     | Identified the +3 hat of Going Fast {+Fly Dex+3} (You found
                  | it on level 11 of the Dungeon)
 11559 | D:11     | Noticed a two-headed ogre
 11566 | D:11     | Killed a two-headed ogre
 11566 | D:11     | Gained mutation: You heal very quickly. [Vine Stalker
                  | growth]
 11566 | D:11     | Reached XP level 12. HP: 63/63 MP: 19/19
 11888 | D:12     | Found a flagged portal.
 11930 | D:12     | Found Xoiwn's Antique Armour Boutique.
 11961 | Bailey   | Entered a bailey
 12406 | Bailey   | Noticed an orc warlord
 12415 | Bailey   | Killed an orc warlord
 12527 | D:12     | Noticed Snorg
 12677 | D:12     | Killed Snorg
 13695 | D:13     | Found a blossoming altar of Fedhas.
 14006 | D:13     | Reached XP level 13. HP: 70/70 MP: 20/20
 14136 | D:14     | Found Inoiff's Weapon Shoppe.
 14791 | D:15     | Entered Level 15 of the Dungeon
 15042 | D:15     | Found a staircase to the Depths.
 15042 | D:15     | Noticed a fire giant
 15290 | D:14     | Bought the +12 long sword "Bienn" {speed, rElec rC+ rN+
                  | Str-2} for 1372 gold pieces
 15403 | Lair:1   | Entered Level 1 of the Lair of Beasts
 15465 | Lair:1   | Noticed Fannar
 15490 | Lair:1   | Killed Fannar
 16403 | Lair:2   | Noticed Gastronok
 16421 | Lair:2   | Got a glittering bone ring
 16437 | Lair:2   | Identified the ring of the Gloaming {+Blink +Fly rElec rF+
                  | Dex+3} (You found it on level 2 of the Lair of Beasts)
 16578 | Lair:2   | Killed Gastronok
 16578 | Lair:2   | Reached skill level 10 in Fighting
 16578 | Lair:2   | Reached skill level 10 in Short Blades
 16578 | Lair:2   | Reached skill level 1 in Armour
 16578 | Lair:2   | Reached skill level 1 in Invocations
 16673 | Lair:2   | Found a snail-covered altar of Cheibriados.
 16860 | Lair:2   | Found a staircase to the Snake Pit.
 17770 | Lair:3   | Reached ****** piety under Dithmenos
 17865 | Lair:3   | Found a dark tunnel.
 17876 | Volcano  | Entered a volcano
 17910 | Volcano  | Reached XP level 14. HP: 26/77 MP: 12/22
 18023 | Volcano  | Reached skill level 5 in Spellcasting
 18464 | Lair:4   | Found the +4 robe of Augmentation {Str+4 Int+4 Dex+4}
 18560 | Lair:4   | Learned a level 3 spell: Confuse
 18696 | Lair:4   | Got a transparent bronze ring
 18698 | Lair:4   | Identified the cursed ring "Vixti" {+Blink rPois rF- EV-2
                  | Str+6} (You found it on level 4 of the Lair of Beasts)
 18827 | Lair:4   | Reached skill level 1 in Hexes
 18863 | Lair:4   | Found a staircase to the Shoals.
 19548 | Lair:5   | Found a transporter.
 19931 | Lair:5   | Found a transporter.
 20000 | Lair:5   | Reached skill level 13 in Stealth
 20283 | D:10     | You paid a toll of 4 potions of resistance to enter a
                  | treasure trove
 20284 | Trove    | Entered a treasure trove
 20428 | Trove    | Got a bloodstained quick blade
 20461 | Trove    | Identified the +7 quick blade of Dullness {vamp, *Slow
                  | rPois Dex+9} (You found it in a treasure trove)
 21062 | Lair:6   | Entered Level 6 of the Lair of Beasts
 21082 | Lair:6   | Found a staircase to the Slime Pits.
 21422 | Lair:6   | Reached XP level 15. HP: 80/80 MP: 23/25
 22288 | Orc:1    | Entered Level 1 of the Orcish Mines
 22479 | Orc:2    | Entered Level 2 of the Orcish Mines
 22521 | Orc:2    | Found a runed translucent gate.
 22521 | Orc:2    | Found a runed translucent gate.
 22521 | Orc:2    | Found a runed translucent gate.
 22524 | Orc:2    | Noticed Borgoz's ghost (journeyman GrBe)
 22781 | Orc:2    | Found Boreqaew's Book Boutique.
 22794 | Orc:2    | Found Vefoyk's Distillery.
 22815 | Orc:2    | Found Faha's Food Shop.
 22832 | Orc:2    | Found Kuicad's Food Boutique.
 22851 | Orc:2    | Bought a book of Battle for 640 gold pieces
 22851 | Orc:2    | Bought a book of Burglary for 1200 gold pieces
 22855 | Orc:2    | Learned a level 3 spell: Spectral Weapon
 22858 | Orc:2    | Learned a level 2 spell: Passwall
 22861 | Orc:2    | Learned a level 2 spell: Song of Slaying
 22865 | Orc:2    | Learned a level 3 spell: Regeneration
 22868 | Orc:2    | Learned a level 2 spell: Swiftness
 22871 | Orc:2    | Learned a level 2 spell: Shroud of Golubria
 22876 | Orc:2    | Learned a level 4 spell: Passage of Golubria
 23298 | Orc:2    | Found a staircase to the Elven Halls.
 23520 | Orc:2    | Killed Borgoz's ghost
 23845 | Orc:1    | Found Umen's Antique Armour Emporium.
 24297 | D:14     | Found a gate to the Vaults.
 24330 | D:14     | Reached skill level 14 in Stealth
 24451 | D:15     | Reached skill level 5 in Hexes
 24521 | D:15     | Reached skill level 10 in Evocations
 24919 | D:15     | Identified the Almanac of the Vanishing Planets
 25008 | D:15     | Reached XP level 16. HP: 85/85 MP: 27/27
 25866 | Snake:1  | Entered Level 1 of the Snake Pit
 26078 | Snake:1  | Found an opulent altar of Gozag.
 26283 | Snake:1  | Reached skill level 1 in Charms
 26387 | Snake:1  | Noticed Agnes
 26401 | Snake:1  | Killed Agnes
 26401 | Snake:1  | Reached skill level 15 in Stealth
 27009 | Snake:2  | Found Zaumnas's Gadget Shop.
 27017 | Snake:2  | Bought a phial of floods for 480 gold pieces
 27201 | Snake:2  | Noticed Aizul
 27209 | Snake:2  | Killed Aizul
 27329 | Snake:3  | Noticed Louise
 27385 | Snake:3  | Killed Louise
 27409 | Snake:3  | Noticed a nagaraja
 27440 | Snake:3  | Noticed Vashnia
 27494 | Snake:3  | Found a frozen archway.
 27501 | IceCv    | Entered an ice cave
 28392 | IceCv    | HP: 4/86 [iron troll simulacrum (4)]
 28392 | IceCv    | Slain by an iron troll simulacrum

Levels and vault maps discovered:
D:1:      dpeg_arrival_lava_altar, layout_loops_ring, serial_forest,
          infiniplex_forest_clump_medium, infiniplex_forest_lined_3_way,
          infiniplex_forest_clump_curved, infiniplex_forest_clump_tiny,
          infiniplex_forest_clump_long, infiniplex_forest_end_2,
          infiniplex_forest_pool, chequers_serial_rivers_micro_a
D:2:      layout_rooms, elyvilon_altar_3
D:3:      layout_loops_corners, vehumet_crystals,
          grunt_dithmenos_smoke_and_mirrors, first_ration
D:4:      layout_loops_ring, kennysheep_mini_moat, serial_forest,
          infiniplex_forest_clump_curved, infiniplex_forest_lined_room_2,
          infiniplex_forest_straight_4, infiniplex_forest_clump_diagonal,
          infiniplex_forest_clump_curved, infiniplex_forest_straight_5,
          grunt_ministairs_11
D:5:      layout_loops_ring, kennysheep_little_box, lemuel_crystal_altar,
          overflow_temple_1_default, minmay_temple_entry_antechambers
D:6:      layout_loops_corners, minmay_statues_item, hangedman_decor_riveting,
          grunt_ministairs_6
D:7:      layout_rooms, nicolae_ossuary_entry_monument
D:8:      layout_basic, lemuel_doored_altar, dpeg_oklobed_lair, serial_shops,
          shop, grunt_pizzeria, minmay_misc_feat_diagonals
D:9:      layout_basic, serial_shops, nicolae_shop_trees, uniq_erica,
          uniq_erolcha
D:10:     layout_cave_pods, orc_david_3, nicolae_trove_entry_free_sample,
          bh_walls_and_bars
D:11:     layout_basic
D:12:     layout_basic, enter_bailey_2, serial_shops, kennysheep_mini,
          uniq_snorg
D:13:     layout_gridville, hangedman_tree_tricks
D:14:     layout_roguey, grunt_vaults_entry_tiered, serial_shops, shop
D:15:     grunt_enter_depths_giant_problem, layout_basic,
          chequers_serial_rivers_room_a
Lair:1:   layout_hall_layers, uniq_fannar
Lair:2:   layout_layer_cave, minmay_snake_entry_guardpost_medium,
          kennysheep_snail_temple, grunt_megastairs_3, uniq_gastronok
Lair:3:   layout_hall_layers, enter_volcano_4
Lair:4:   layout_gridlike, elwin_shoals_entry_stream, minmay_lair_oklob_chamber
Lair:5:   gammafunk_cloud_chamber, layout_cave_shapes, grunt_megastairs_2
Lair:6:   minmay_lair_end_frog_pond, layout_regular_city,
          minmay_slime_entry_pillars, st_stairs_13
Snake:1:  layout_gridlike, basic_altar, uniq_agnes
Snake:2:  layout_onion, serial_shops, shop, uniq_aizul
Snake:3:  layout_rooms, portal_ice_cave_entry_pillars_three,
          nrook_loot_triangle, grunt_ministairs_14, st_stairs_9,
          serial_bayou_ford_a, uniq_roxanne, uniq_vashnia, uniq_louise
Orc:1:    layout_diamond_mine, serial_shops, shop
Orc:2:    st_orc_mages, layout_caves, gammafunk_ghost_split
IceCv:    ice_cave_caverns_01

Skill      XL: |  1  2  3  4  5  6  7  8  9 10 11 12 13 14 15 16 |
---------------+-------------------------------------------------+-----
Fighting       | 2 3 4 5 6 7 8 10 | 10.4
Short Blades   | 2 4 5 6 7 8 10 11 12 | 12.3
Stealth        | 7 9 10 11 12 13 14 15 | 15.0
Dodging        | 2 3 4 6 7 8 9 |  9.9
Throwing       | 2 4 5 6 7 |  7.0
Spellcasting   | 2 3 4 6 7 |  7.6
Evocations     | 1 3 4 6 7 8 9 10 | 10.0
Armour         | 2 3 4 |  4.0
Invocations    | 2 4 |  4.0
Hexes          | 3 5 8 |  8.1
Charms         | 3 |  3.1

Action                   |  1- 3 |  4- 6 |  7- 9 | 10-12 | 13-15 | 16-18 || total
-------------------------+-------+-------+-------+-------+-------+-------++-------
Melee: Dagger            |    94 |   225 |   541 |   909 |   243 |       ||  2012
       Bite              |    18 |    74 |   210 |   349 |   976 |   260 ||  1887
       Scimitar          |       |       |       |    29 |     9 |       ||    38
       Long sword        |       |       |       |       |   527 |   110 ||   637
       Quick blade       |       |       |       |       |   799 |   293 ||  1092
Throw: Dart              |    10 |       |    15 |    12 |       |       ||    37
       Stone             |     2 |       |     6 |    13 |       |       ||    21
       Boomerang         |     1 |    15 |    13 |     5 |     1 |       ||    35
 Cast: Apportation       |       |       |       |       |     3 |     2 ||     5
Invok: Shadow Step       |       |       |       |     4 |     6 |       ||    10
 Abil: Evoke Berserk Rag |       |       |     4 |     9 |     9 |       ||    22
Evoke: Wand              |       |       |       |     7 |     5 |       ||    12
       Phial of floods   |       |       |       |       |       |     1 ||     1
  Use: Scroll            |     1 |    10 |     5 |    13 |     9 |     3 ||    41
       Potion            |       |       |     2 |     2 |     2 |       ||     6
 Stab: Sleeping          |     6 |    12 |    15 |    63 |    53 |    34 ||   183
       Distracted        |     1 |       |     3 |     3 |    14 |     4 ||    25
       Invisible         |       |       |     1 |    12 |       |       ||    13
       Petrified         |       |       |       |       |     7 |       ||     7
  Eat: Chunk             |     1 |     9 |     7 |    28 |    17 |       ||    62
       Ration            |       |       |     2 |     2 |     8 |     4 ||    16
Armor: Robe              |    29 |    27 |       |       |   107 |    37 ||   200
       Leather armour    |       |     9 |    59 |    51 |       |       ||   119
       Steam dragon scal |       |       |       |    91 |    74 |       ||   165
Dodge: Dodged            |    67 |    93 |   279 |   555 |   952 |   205 ||  2151
Block: Shield            |       |       |       |       |    50 |    28 ||    78
       Rpst.: Scimitar   |       |       |       |     8 |     3 |       ||    11
       Long sword        |       |       |       |       |   119 |    15 ||   134

Table legend:
 A = Non-vault XP
 B = Vault XP
 C = Vault XP percentage of total XP
 D = Non-vault monster count
 E = Vault monster count
 F = Vault count percentage of total count
                 A         B        C        D         E       F
            +---------+---------+-------+---------+---------+-------
      Total |  101446 |   68201 |  40.2 |     621 |     335 |  35.0
            +---------+---------+-------+---------+---------+-------
        D:1 |      44 |       0 |   0.0 |      29 |       0 |   0.0
        D:2 |     119 |       0 |   0.0 |      32 |       0 |   0.0
        D:3 |      91 |       0 |   0.0 |      27 |       0 |   0.0
        D:4 |     349 |       0 |   0.0 |      10 |       0 |   0.0
        D:5 |    1193 |       3 |   0.3 |      24 |       1 |   4.0
        D:6 |    1377 |     182 |  11.7 |      37 |       2 |   5.1
        D:7 |    1183 |       0 |   0.0 |      20 |       0 |   0.0
        D:8 |    1909 |     125 |   6.1 |      21 |       1 |   4.5
        D:9 |    1919 |    1977 |  50.7 |      33 |       2 |   5.7
       D:10 |    1893 |    1194 |  38.7 |      17 |       5 |  22.7
       D:11 |    6384 |       0 |   0.0 |      43 |       0 |   0.0
       D:12 |    4320 |    1084 |  20.1 |      16 |       1 |   5.9
       D:13 |    1609 |       0 |   0.0 |      17 |       0 |   0.0
       D:14 |    4807 |    7453 |  60.8 |      18 |      25 |  58.1
       D:15 |   15797 |    1835 |  10.4 |      53 |       1 |   1.9
     Lair:1 |     318 |    1002 |  75.9 |       3 |       1 |  25.0
     Lair:2 |    3464 |    4803 |  58.1 |      12 |      11 |  47.8
     Lair:3 |    7402 |       0 |   0.0 |      31 |       0 |   0.0
     Lair:4 |    5246 |    3822 |  42.1 |      22 |      10 |  31.2
     Lair:5 |    8225 |    3091 |  27.3 |      36 |      15 |  29.4
     Lair:6 |    3683 |   12791 |  77.6 |      15 |      53 |  77.9
    Snake:1 |   13211 |    2081 |  13.6 |      22 |       1 |   4.3
    Snake:2 |    7520 |    1625 |  17.8 |      16 |       1 |   5.9
    Snake:3 |    3835 |    2543 |  39.9 |       8 |       3 |  27.3
      Orc:1 |    3961 |       0 |   0.0 |      38 |       0 |   0.0
      Orc:2 |    1587 |    6559 |  80.5 |      21 |      41 |  66.1
      Trove |       0 |     855 | 100.0 |       0 |       4 | 100.0
    Ossuary |       0 |     564 | 100.0 |       0 |      29 | 100.0
     Bailey |       0 |    4555 | 100.0 |       0 |      69 | 100.0
      IceCv |       0 |    7256 | 100.0 |       0 |      49 | 100.0
    Volcano |       0 |    2801 | 100.0 |       0 |      10 | 100.0
            +---------+---------+-------+---------+---------+-------
